 Dungeon Crawl Stone Soup version 0.17.0-26-gececa24 (webtiles) character file.

843 oplop the Sneak (level 7, 0/33 HPs)
             Began as a Spriggan Enchanter on Nov 20, 2015.
             Was an Initiate of Ashenzari.
             Slain by an orc warrior (7 damage)
             ... on level 6 of the Dungeon.
             The game lasted 00:08:32 (3855 turns).

oplop the Sneak (Spriggan Enchanter)                Turns: 3855, Time: 00:08:32

Health: 0/33       AC:  7    Str:  4    XL:     7   Next: 68%
Magic:  4/16       EV: 21    Int: 19    God:    Ashenzari [......]
Gold:   307        SH:  0    Dex: 16    Spells: 4 memorised, 8 levels left

rFire  . . .     SeeInvis +     a - +1 dagger
rCold  . . .     Clarity  +     b - +1 robe
rNeg   . . .     SustAt   .     (shield restricted)
rPois  .         Gourm    .     h - +1 hat
rElec  .         Spirit   .     u - +2 cloak
rCorr  .         Warding  .     (gloves unavailable)
rMut   .         Stasis   .     (boots unavailable)
MR     +....                    r - amulet of clarity (curse)
Stlth  ++++......               (no ring)
                                (no ring)

@: very quick, somewhat resistant to hostile enchantments, stealthy
A: unfitting armour, see invisible, herbivore 3, speed 3, slow metabolism 2
a: Renounce Religion


You were on level 6 of the Dungeon.
You worshipped Ashenzari.
Ashenzari was noncommittal.
You were not hungry.

You visited 1 branch of the dungeon, and saw 6 of its levels.

You collected 307 gold pieces.

Inventory:

Hand Weapons
 a - a +1 dagger (weapon)
Armour
 b - a +1 robe (worn)
 h - a +1 hat (worn)
 u - a +2 cloak (worn)
Jewellery
 k - an uncursed amulet of faith
 n - an uncursed amulet of stasis
 r - a cursed amulet of clarity (around neck)
Wands
 t - a wand of random effects (20)
 v - a wand of frost (19)
Scrolls
 e - 4 scrolls of identify {unknown}
 f - 2 scrolls of teleportation {unknown}
 g - a scroll of enchant weapon {unknown}
 i - 2 scrolls of remove curse
 l - a scroll of fear {unknown}
 q - 3 scrolls of amnesia {unknown}
 w - a scroll of recharging {unknown}
 x - a scroll of noise {unknown}
 y - a scroll of immolation {unknown}
Potions
 j - a potion of lignification {unknown}
 m - a potion of degeneration {unknown}
 o - a potion of brilliance {unknown}
 p - 2 potions of haste {unknown}
 s - 2 potions of cancellation {unknown}
 z - 2 potions of berserk rage {unknown}
 A - a potion of magic {unknown}
 B - a potion of poison {unknown}
Books
 c - a book of Maledictions

   Spells                             Type                      Level
   a - Corona                         Hexes                        1
   b - Ensorcelled Hibernation        Hexes/Ice                    2
   c - Confuse                        Hexes                        3
   d - Tukima's Dance                 Hexes                        3
   e - Dazzling Spray                 Conjuration/Hexes            3
Comestibles
 d - 2 bread rations


   Skills:
 + Level 1.5 Fighting
 + Level 2.5 Short Blades
 - Level 6.0 Dodging
 + Level 7.8 Stealth
 + Level 5.6 Spellcasting
 + Level 6.1 Hexes


You had 8 spell levels left.
You knew the following spells:

 Your Spells              Type           Power        Failure   Level  Hunger
a - Corona                Hex            ####...      1%          1    None
b - Ensorcelled Hibernat  Hex/Ice        ###...       8%          2    None
c - Confuse               Hex            ####....     2%          3    ##.....
d - Tukima's Dance        Hex            ####....     2%          3    ##.....


Dungeon Overview and Level Annotations

Branches:
Dungeon (6/15)
 Temple: D:4-7

Altars:
Ashenzari
Elyvilon
Yredelemnul
Zin


Innate Abilities, Weirdness & Mutations

You are tiny and cannot use many weapons and most armour.
You have supernaturally acute eyesight.
You are a herbivore.
You cover ground extremely quickly.
You need consume almost no food.


Message History

The orc wizard is heavily wounded.
The orc wizard closely misses you. The orc warrior hits you!
* * * LOW HITPOINT WARNING * * *
Unknown command.
You see here a jackal corpse.
You hit the orc warrior but do no damage.
The orc warrior misses you.
The orc wizard mumbles some strange words.
The orc wizard blinks!
The orc barely misses your battleaxe.
Casting: Tukima's Dance
Confirm with . or Enter, or press ? or * to list all spells.
Aiming: Confuse
Press: ? - help, Shift-Dir - straight line, p - orc warrior Nothing appears to happen.
The orc hits your battleaxe but does no damage.
The orc wizard casts a spell.
The orc wizard blinks!
An orc comes into view.
The orc warrior hits you!
You die...

....[..##._.#
.......##§.§#
...######...# .###
#§.§##+#### ...#
#...##....# .#.#
###'###o...#
.#.#####.....#..(.#
.....#............#
#...
.#.#.#.#.....#..@.#
#..#
.#.#...###+###...o#
#o.# ...#...#
#....# #..#
####...# #....#
#o.##### ..###
#...(###...... .###
####.o##o..# ..
##.##a..# ##
####.o#...####
#....(.......$.


You could see an orc warrior, an orc wizard, 2 orcs and a friendly battleaxe.

Vanquished Creatures
  An ice beast (D:5)
  2 ogres
  2 scorpions
  A crimson imp (D:6)
  Crazy Yiuf (D:3)
  A centaur skeleton (D:4)
  2 worker ants
  A hound zombie (D:5)
  11 adders
  A shadow imp (D:5)
  An ooze (D:2)
  5 worms
  4 giant geckos
  2 orcs (D:4)
  8 bats
  4 giant cockroaches
  11 goblins
  8 hobgoblins
  6 jackals (D:6)
  7 kobolds
  3 quokkas
  5 giant newts
  A jackal zombie (D:5)
  A quokka zombie (D:3)
  8 rats
97 creatures vanquished.

Vanquished Creatures (collateral kills)
  Edmund (D:5)
  An ogre (D:4)
  A hound skeleton (D:4)
  3 orcs (D:4)
6 creatures vanquished.

Vanquished Creatures (others)
  A quokka (D:2)
1 creature vanquished.

Grand Total: 104 creatures vanquished

Notes
Turn   | Place    | Note
--------------------------------------------------------------
     0 | D:1      | oplop the Spriggan Enchanter began the quest for the Orb.
     0 | D:1      | Reached XP level 1. HP: 9/9 MP: 5/5
   332 | D:1      | Reached XP level 2. HP: 13/13 MP: 4/6
   851 | D:1      | Learned a level 2 spell: Ensorcelled Hibernation
   993 | D:2      | Reached XP level 3. HP: 16/16 MP: 6/8
  1028 | D:2      | Reached skill level 5 in Stealth
  1114 | D:2      | Found a white marble altar of Elyvilon.
  1270 | D:2      | Reached XP level 4. HP: 17/21 MP: 6/10
  1504 | D:3      | Noticed an ogre
  1513 | D:3      | Killed an ogre
  1513 | D:3      | Reached XP level 5. HP: 24/24 MP: 8/12
  1518 | D:3      | Learned a level 3 spell: Tukima's Dance
  1522 | D:3      | Learned a level 3 spell: Confuse
  1788 | D:3      | Found a glowing silver altar of Zin.
  1936 | D:3      | Reached skill level 5 in Dodging
  2140 | D:3      | Noticed Crazy Yiuf
  2144 | D:3      | Killed Crazy Yiuf
  2144 | D:3      | Reached skill level 6 in Stealth
  2663 | D:4      | Reached skill level 5 in Hexes
  2710 | D:4      | Noticed an ogre
  2720 | D:4      | Killed an ogre
  2720 | D:4      | Reached XP level 6. HP: 26/28 MP: 6/14
  2828 | D:4      | Noticed an ogre
  2842 | D:4      | Killed an ogre
  2936 | D:4      | Reached skill level 5 in Spellcasting
  3252 | D:5      | Entered Level 5 of the Dungeon
  3306 | D:5      | Noticed Edmund
  3375 | D:5      | Killed Edmund
  3375 | D:5      | Reached skill level 7 in Stealth
  3375 | D:5      | Reached XP level 7. HP: 30/32 MP: 9/15
  3390 | D:5      | Reached skill level 1 in Fighting
  3628 | D:6      | Found a shattered altar of Ashenzari.
  3742 | D:6      | Became a worshipper of Ashenzari the Shackled
  3794 | D:6      | Found a basalt altar of Yredelemnul.
  3855 | D:6      | Slain by an orc warrior

Action                   |  1- 3 |  4- 6 |  7- 9 || total
-------------------------+-------+-------+-------++-------
Melee: Dagger            |   117 |   118 |    72 ||   307
 Cast: Corona            |    12 |     3 |       ||    15
       Ensorcelled Hiber |     7 |    17 |    10 ||    34
       Tukima's Dance    |       |     8 |     1 ||     9
       Confuse           |       |     1 |     4 ||     5
 Stab: Sleeping          |    12 |    30 |    10 ||    52
       Distracted        |     2 |       |       ||     2
       Confused          |       |     1 |     2 ||     3
  Eat: Bread ration      |       |     1 |       ||     1
